[Event "Titled Tuesday Blitz May 10 Early 2022"]
[White "Karacsonyi, Gellert"]
[Black "Kozak, Adam"]
[WhiteFideId "764620"]
[BlackFideId "753246"]
[WhiteElo "2187"]
[BlackElo "2459"]
[Result "1-0"]
[Round "03"]
[TimeControl "180+1"]
[Date "2022.05.10"]
[WhiteClock "0:00:32"]
[BlackClock "0:00:01"]

1. e4 c5 2. Nf3 d6 3. d4 cxd4 4. Nxd4 Nf6 5. Nc3 e6 6. Be3 Bd7 7. f4 Nc6 8. Qf3 Be7 9. O-O-O a6 10. h3 Nxd4 11. Bxd4 Bc6 12. g4 O-O 13. g5 Nd7 14. h4 b5 15. Bd3 b4 16. Ne2 Qa5 17. Kb1 Nc5 18. h5 Nxd3 19. cxd3 e5 20. fxe5 dxe5 21. Qf5 Ba4 22. Rd2 b3 23. Bc3 bxa2+ 24. Ka1 Qb5 25. g6 f6 26. h6 gxh6 27. Rxh6 Bc5 28. Qe6+ Kg7 29. Rxh7+ Kxg6 30. Qf5# 1-0


[Site "https://www.chess.com"]

[Event "Titled Tuesday Blitz May 10 Early 2022"]
[White "Kazarian, Anna-Maja"]
[Black "Arias, Juan Cruz"]
[WhiteFideId "1033689"]
[BlackFideId "118540"]
[WhiteElo "2004"]
[BlackElo "2091"]
[Result "0-1"]
[Round "03"]
[TimeControl "180+1"]
[Date "2022.05.11"]
[WhiteClock "0:00:03"]
[BlackClock "0:01:09"]

1. e4 c6 2. d4 d5 3. exd5 cxd5 4. c4 Nf6 5. Nc3 Nc6 6. Nf3 Bg4 7. cxd5 Nxd5 8. Be2 e6 9. O-O Be7 10. h3 Bh5 11. Qb3 Nb6 12. Rd1 Bxf3 13. Bxf3 Nxd4 14. Rxd4 Qxd4 15. Be3 Qb4 16. Bxb7 Rd8 17. Bc6+ Kf8 18. Qc2 g6 19. a3 Qc4 20. Bf3 Kg7 21. Re1 Bf6 22. Be2 Qc7 23. Qc1 h5 24. Bf4 e5 25. Bg3 Nd5 26. Ne4 Qxc1 27. Rxc1 h4 28. Nxf6 hxg3 29. Nxd5 gxf2+ 30. Kxf2 Rxd5 31. Rc7 Rhd8 32. Bc4 R5d7 33. Rc5 f6 34. b4 Re8 35. Be2 Ree7 36. b5 Rc7 37. Rd5 Red7 38. Bf3 Rxd5 39. Bxd5 f5 40. a4 Kf6 41. a5 Rc5 42. Bc6 Rc2+ 43. Ke3 Rb2 44. Kd3 Ke6 45. Kc3 Ra2 46. b6 axb6 47. axb6 Kd6 48. b7 Kc7 49. Bd5 Rf2 0-1


[Site "https://www.chess.com"]

[Event "Titled Tuesday Blitz May 10 Early 2022"]
[White "Keller, Peter"]
[Black "Krstulovic, Alex"]
[WhiteFideId "1272105"]
[BlackFideId "760056"]
[WhiteElo "2275"]
[BlackElo "2193"]
[Result "1-0"]
[Round "03"]
[TimeControl "180+1"]
[Date "2022.05.11"]
[WhiteClock "0:00:14"]
[BlackClock "0:00:08"]

1. e4 c5 2. c3 Nf6 3. e5 Nd5 4. Nf3 e6 5. d4 cxd4 6. cxd4 d6 7. Bc4 Bd7 8. O-O Bc6 9. Nc3 Nxc3 10. bxc3 Nd7 11. d5 exd5 12. Bxd5 dxe5 13. Ng5 Bxd5 14. Qxd5 Qf6 15. Rd1 Rd8 16. Be3 Be7 17. Qxb7 Qf5 18. Rd2 Bxg5 19. Bxg5 Qxg5 20. Rad1 Qe7 21. c4 Qe6 22. c5 O-O 23. Rxd7 Rxd7 24. Qxd7 Qxa2 25. c6 Qc2 26. c7 h6 27. h3 Kh7 28. Qd8 e4 29. Kh2 1-0


[Site "https://www.chess.com"]

[Event "Titled Tuesday Blitz May 10 Early 2022"]
[White "Keymer, Vincent"]
[Black "Jarovinsky, Alexey"]
[WhiteFideId "12940690"]
[BlackFideId "14115131"]
[WhiteElo "2548"]
[BlackElo "2446"]
[Result "1-0"]
[Round "03"]
[TimeControl "180+1"]
[Date "2022.05.10"]
[WhiteClock "0:00:06"]
[BlackClock "0:00:03"]

1. Nf3 Nc6 2. d4 d6 3. g3 e5 4. dxe5 Nxe5 5. Bg2 Nxf3+ 6. exf3 Nf6 7. O-O Be7 8. f4 O-O 9. c4 c6 10. Nc3 Be6 11. Qd3 Qa5 12. Bd2 Qc5 13. b3 d5 14. cxd5 Nxd5 15. Nxd5 Bxd5 16. Rac1 Qd6 17. Bxd5 cxd5 18. Be3 Rfd8 19. Rfd1 Bf6 20. Bd4 Bxd4 21. Qxd4 Qa6 22. a4 Rd7 23. Rc5 Rad8 24. Qe5 Qe6 25. Qxe6 fxe6 26. Kf1 Re8 27. h4 Kf7 28. Rd3 Kf6 29. Ke2 e5 30. fxe5+ Rxe5+ 31. Kf3 Ke6 32. g4 Kd6 33. Rc8 Rf7+ 34. Kg3 Rd7 35. h5 h6 36. f3 a6 37. Rf8 Kc5 38. Kf4 Re6 39. Kf5 Rc6 40. Kf4 Kb4 41. Rf5 d4 42. Ke4 Re6+ 43. Re5 Red6 44. f4 b5 45. axb5 axb5 46. g5 Rd8 47. g6 R8d7 48. f5 Ka3 49. Rxb5 Kb2 50. Rc5 Rd8 51. b4 Rb6 52. b5 Re8+ 53. Re5 Rxe5+ 54. Kxe5 Rxb5+ 55. Ke4 Rb7 56. f6 1-0


[Site "https://www.chess.com"]

[Event "Titled Tuesday Blitz May 10 Early 2022"]
[White "Khabinets, Ivan"]
[Black "Yilmaz, Mustafa"]
[WhiteFideId "14115980"]
[BlackFideId "6302718"]
[WhiteElo "2114"]
[BlackElo "2568"]
[Result "0-1"]
[Round "03"]
[TimeControl "180+1"]
[Date "2022.05.10"]
[WhiteClock "0:00:16"]
[BlackClock "0:00:12"]

1. e4 c5 2. Nf3 d6 3. d4 cxd4 4. Nxd4 Nf6 5. Nc3 a6 6. h3 e6 7. g4 Be7 8. Bg2 Nfd7 9. Be3 Nc6 10. Nde2 b5 11. e5 d5 12. f4 Bh4+ 13. Kf1 b4 14. Nxd5 exd5 15. Qxd5 Bb7 16. Rd1 Rc8 17. c3 Ba8 18. Qd6 Be7 19. Qd3 Nc5 20. Qb1 Qb6 21. Nd4 O-O 22. Nf5 Rfe8 23. c4 Bf8 24. Nd6 Bxd6 25. Rxd6 Qa5 26. b3 f6 27. Bd5+ Kh8 28. e6 Ne7 29. Bxa8 Rxa8 30. f5 Qc7 31. Rd1 Qc6 32. Kf2 Rad8 33. Rxd8 Rxd8 34. Rd1 Ne4+ 35. Ke2 Nc3+ 36. Kf2 Rxd1 37. Qe4 Qxe4 0-1


[Site "https://www.chess.com"]

[Event "Titled Tuesday Blitz May 10 Early 2022"]
[White "Khubukshanov, Erdem"]
[Black "Lamaze, Simon"]
[WhiteFideId "54114527"]
[BlackFideId "36069264"]
[WhiteElo "2306"]
[BlackElo "1999"]
[Result "1-0"]
[Round "03"]
[TimeControl "180+1"]
[Date "2022.05.11"]
[WhiteClock "0:00:06"]
[BlackClock "0:00:12"]

1. b3 e5 2. Bb2 Nc6 3. e4 f5 4. d3 Nf6 5. Nd2 Bc5 6. h3 d6 7. Ngf3 O-O 8. Qe2 a5 9. a3 Bd7 10. g3 f4 11. g4 b5 12. Bg2 b4 13. a4 h6 14. Nc4 g5 15. O-O-O Kg7 16. Kb1 Qe7 17. Rdg1 Rh8 18. h4 Nxg4 19. d4 exd4 20. hxg5 h5 21. Ne1 Nce5 22. Nxe5 dxe5 23. Nd3 Bd6 24. Bh3 Raf8 25. Ne1 Be6 26. Nf3 Qf7 27. Rf1 Qg6 28. Qd3 Rf7 29. Nd2 f3 30. Rhg1 Rf4 31. Rg3 Rhf8 32. Bxg4 hxg4 33. Bc1 Qxg5 34. Nc4 Qf6 35. Rfg1 Qh4 36. Bxf4 exf4 37. Rxg4+ Bxg4 38. Qxf3 Qe7 39. Rxg4+ Kf7 40. e5 Bxe5 41. Qd5+ Kf6 42. Nxe5 Qxe5 43. Rg6+ Kxg6 44. Qxe5 Rf7 45. Qxd4 Kg5 46. Qe5+ Rf5 47. Qxc7 Kg4 48. Qc6 f3 49. Qe4+ Rf4 50. Qe5 Rf5 51. Qe6 Kf4 52. Kc1 Re5 53. Qh3 Rg5 54. Kd2 Rd5+ 55. Kc1 Rg5 56. Qh4+ Rg4 57. Qf6+ Ke4 58. Kd2 Rg2 59. Qe6+ Kf4 60. Qe3+ Kg4 61. Kd3 Rg1 62. Kc4 Rh1 63. Qe4+ Kg5 64. Qxf3 1-0


[Site "https://www.chess.com"]

[Event "Titled Tuesday Blitz May 10 Early 2022"]
[White "Kozak, Antoni"]
[Black "Chernomordik, Pavel"]
[WhiteFideId "21832030"]
[BlackFideId "2804530"]
[WhiteElo "2322"]
[BlackElo "2220"]
[Result "1-0"]
[Round "03"]
[TimeControl "180+1"]
[Date "2022.05.11"]
[WhiteClock "0:00:05"]
[BlackClock "0:00:01"]

1. d4 g6 2. e4 Bg7 3. Nf3 d6 4. Nc3 a6 5. h3 b5 6. Bd3 Bb7 7. Ne2 c5 8. c3 Qc7 9. O-O Nd7 10. Ng3 e5 11. a4 c4 12. Bc2 Ngf6 13. Be3 O-O 14. Qd2 Rfe8 15. d5 Nc5 16. Nh2 bxa4 17. Ng4 Nxg4 18. hxg4 Nb3 19. Bxb3 axb3 20. Ra4 Bc8 21. Qe2 Bd7 22. Rxc4 Qd8 23. Rb4 Rb8 24. Rxb8 Qxb8 25. Ra1 Qc8 26. f3 Bb5 27. Qd2 f6 28. Ne2 f5 29. exf5 gxf5 30. gxf5 Qxf5 31. Ng3 Qg6 32. Ne4 Bf8 33. Bg5 Be7 34. Bxe7 Rxe7 35. Rc1 Bc4 36. Rd1 Rg7 37. Qf2 h5 38. Rd2 Qh6 39. Qb6 Rd7 40. Qf2 h4 41. f4 Rf7 42. f5 Kh8 43. f6 Qg6 44. Nxd6 Rxf6 45. Qxh4+ Kg7 46. Nxc4 Qb1+ 47. Kh2 Rh6 48. Qxh6+ Kxh6 49. Nxe5 Qe4 50. Nf3 Qf4+ 51. Kh3 Qd6 52. Kg4 Kg6 53. Kh3 Kf6 54. Kg4 Ke7 55. Kf5 Qf6+ 56. Ke4 Kd6 57. Nd4 Qg6+ 58. Nf5+ Kc5 59. d6 Qe6+ 60. Kf4 Qd7 61. Rd4 a5 62. g4 1-0


[Site "https://www.chess.com"]

[Event "Titled Tuesday Blitz May 10 Early 2022"]
[White "Kruckenhauser, Arthur"]
[Black "Kamsky, Gata"]
[WhiteFideId "1642812"]
[BlackFideId "2000024"]
[WhiteElo "2243"]
[BlackElo "2645"]
[Result "0-1"]
[Round "03"]
[TimeControl "180+1"]
[Date "2022.05.11"]
[WhiteClock "0:00:05"]
[BlackClock "0:00:24"]

1. e4 e5 2. Nf3 Nc6 3. Bb5 Nf6 4. O-O Nxe4 5. Re1 Nd6 6. a4 Be7 7. Nc3 O-O 8. d4 a6 9. Bf1 e4 10. Nxe4 Nxe4 11. Rxe4 d5 12. Re1 Bf5 13. c3 Bd6 14. Ne5 Nxe5 15. dxe5 Bc5 16. b4 Ba7 17. Be3 Bxe3 18. Rxe3 a5 19. Qd4 c6 20. h3 Qc7 21. b5 Rfd8 22. Qc5 Re8 23. bxc6 bxc6 24. c4 Rxe5 25. Rae1 Rxe3 26. Rxe3 Be6 27. cxd5 Bxd5 28. Re7 Qd8 29. Rb7 g6 30. Re7 Qf8 31. Qe3 Qg7 32. Re8+ Rxe8 33. Qxe8+ Qf8 34. Qe3 Qd6 35. Qa7 Qb4 36. Qb8+ Qxb8 0-1


[Site "https://www.chess.com"]

[Event "Titled Tuesday Blitz May 10 Early 2022"]
[White "Kwon, Sehyun"]
[Black "Ismayil, Malak"]
[WhiteFideId "13203088"]
[BlackFideId "13412604"]
[WhiteElo "1778"]
[BlackElo "1879"]
[Result "1-0"]
[Round "03"]
[TimeControl "180+1"]
[Date "2022.05.11"]
[WhiteClock "0:00:14"]
[BlackClock "0:00:02"]

1. Nf3 Nf6 2. b3 e6 3. Bb2 d6 4. d4 Be7 5. Nbd2 O-O 6. e4 Nc6 7. Bd3 Re8 8. a3 Bf8 9. O-O e5 10. h3 g6 11. Re1 Bg7 12. dxe5 dxe5 13. Nc4 Nh5 14. Bf1 Qe7 15. Ne3 Be6 16. Nd5 Qd6 17. a4 Rad8 18. Ba3 Qd7 19. c4 Nd4 20. Nxd4 exd4 21. Be2 c6 22. Bxh5 cxd5 23. exd5 Bxh3 24. Bf3 Bf5 25. Qd2 Bg4 26. Be4 Bf5 27. Bd3 h5 28. Bb2 Kh7 29. Bxf5 Qxf5 30. Bxd4 Bh6 31. Qc3 Qg4 32. Bf6 Rc8 33. Qd4 Qf5 34. d6 Qd7 35. Rad1 b6 36. Rxe8 Rxe8 37. Be7 Bg7 38. Qd5 Bf8 39. Qxf7+ Kh6 40. Bxf8+ Rxf8 41. Qxd7 1-0


[Site "https://www.chess.com"]

[Event "Titled Tuesday Blitz May 10 Early 2022"]
[White "Lashkin, Jegor"]
[Black "Shuvalov, Evgenij"]
[WhiteFideId "13907808"]
[BlackFideId "4187237"]
[WhiteElo "2368"]
[BlackElo "2053"]
[Result "1-0"]
[Round "03"]
[TimeControl "180+1"]
[Date "2022.05.11"]
[WhiteClock "0:01:22"]
[BlackClock "0:00:09"]

1. Nf3 Nf6 2. b3 d5 3. Bb2 Bf5 4. e3 e6 5. Nh4 Bg4 6. Be2 Bxe2 7. Qxe2 Nbd7 8. f4 Be7 9. Nf3 c5 10. O-O Qc7 11. d3 O-O 12. Nbd2 Bd6 13. c4 e5 14. fxe5 Nxe5 15. Nh4 Rfe8 16. Rxf6 gxf6 17. Nf5 Bf8 18. cxd5 Qd7 19. Rf1 Qxd5 20. Ne4 Qc6 21. Qh5 Re6 22. Rf4 Ng6 23. Rf3 Rxe4 24. Rh3 h6 25. dxe4 Qxe4 26. Bxf6 Qb1+ 27. Kf2 Qc2+ 28. Kg3 Re8 29. Nxh6+ Bxh6 30. Qxh6 Rxe3+ 31. Qxe3 Qf5 32. Qe8+ Nf8 33. Rh8# 1-0


[Site "https://www.chess.com"]

[Event "Titled Tuesday Blitz May 10 Early 2022"]
[White "Lauridsen, Jesper Morch"]
[Black "Wachinger, Guenther"]
[WhiteFideId "1401890"]
[BlackFideId "4604261"]
[WhiteElo "2216"]
[BlackElo "2212"]
[Result "1/2-1/2"]
[Round "03"]
[TimeControl "180+1"]
[Date "2022.05.11"]
[WhiteClock "0:00:03"]
[BlackClock "0:00:58"]

1. e4 c5 2. Nf3 d6 3. d4 cxd4 4. Qxd4 Nf6 5. Nc3 g6 6. e5 dxe5 7. Qxd8+ Kxd8 8. Nxe5 Ke8 9. Nb5 Na6 10. Bc4 e6 11. Bg5 Be7 12. Bxf6 Bxf6 13. Nd6+ Ke7 14. Nexf7 Rf8 15. O-O-O Rxf7 16. Nxf7 Kxf7 17. Bxa6 bxa6 18. f4 Rb8 19. c3 Ke7 20. Rhe1 Bb7 21. g3 Bf3 22. Rd3 Bg4 23. Rde3 Rb6 24. h3 Bxh3 25. Rh1 Bf5 26. Rxh7+ Kd6 27. Rxa7 e5 28. Re1 e4 29. g4 Bxg4 30. Rxe4 Bf5 31. Re1 Bh4 32. Rd1+ Kc6 33. Rh7 Bg3 34. Rd4 Bf2 35. Rb4 Rxb4 36. cxb4 Be3+ 37. Kd1 Bxf4 38. Ra7 Kb6 39. Ra8 Be4 40. Rf8 Be5 41. Re8 Bf3+ 42. Kd2 Bxb2 43. Re6+ Kb5 44. a4+ Kxa4 45. Rxa6+ Kxb4 46. Rxg6 Bc3+ 47. Kd3 Bd5 48. Rg4+ Kc5 49. Kxc3 Bc6 50. Rg5+ Kd6 51. Kd4 Be8 52. Rf5 Ke6 53. Re5+ Kf7 54. Rxe8 Kxe8 1/2-1/2


[Site "https://www.chess.com"]

[Event "Titled Tuesday Blitz May 10 Early 2022"]
[White "Lazavik, Denis"]
[Black "Bai, Adelard"]
[WhiteFideId "13515110"]
[BlackFideId "16301188"]
[WhiteElo "2437"]
[BlackElo "2120"]
[Result "1-0"]
[Round "03"]
[TimeControl "180+1"]
[Date "2022.05.10"]
[WhiteClock "0:00:45"]
[BlackClock "0:00:02"]

1. d4 d5 2. c4 c6 3. Nf3 Nf6 4. Nc3 dxc4 5. a4 e6 6. e3 c5 7. Bxc4 cxd4 8. exd4 Nc6 9. O-O Be7 10. Bg5 O-O 11. Re1 h6 12. Bh4 Nb4 13. Ne5 b6 14. Qf3 Rb8 15. Rad1 Bb7 16. Qh3 Nfd5 17. Bg3 Rc8 18. Ne4 Nf6 19. Nxf6+ Bxf6 20. Nxf7 Rxf7 21. Bxe6 Nc2 22. Qh5 Qf8 23. Bd6 Qxd6 24. Qxf7+ Kh7 25. Bf5+ Kh8 26. Qg6 Kg8 27. Bxc8 Bc6 28. Qxc2 1-0


[Site "https://www.chess.com"]

[Event "Titled Tuesday Blitz May 10 Early 2022"]
[White "Le Ruyet, Leopold"]
[Black "Pinero Rodriguez, Carlos Jose"]
[WhiteFideId "645923"]
[BlackFideId "3901726"]
[WhiteElo "2276"]
[BlackElo "2053"]
[Result "1-0"]
[Round "03"]
[TimeControl "180+1"]
[Date "2022.05.11"]
[WhiteClock "0:01:26"]
[BlackClock "0:01:02"]

1. c4 c5 2. Nf3 e6 3. Nc3 Na6 4. e3 Nc7 5. d4 cxd4 6. Nxd4 Nf6 7. g3 Bb4 8. Bg2 Bxc3+ 9. bxc3 O-O 10. Ba3 Re8 11. Nb5 Nxb5 12. cxb5 Qa5 13. Qb3 d5 14. O-O Bd7 15. Rab1 Rac8 16. Rfc1 Rc4 17. Bd6 Rec8 18. Be5 Ng4 19. Bd4 Qa4 20. Bf1 Qxb3 21. axb3 R4c7 22. h3 Nf6 23. Be5 Rc5 24. b4 Rc4 25. Bxc4 Rxc4 26. Ra1 Bxb5 27. Rxa7 Ba6 28. Ra8+ Ne8 29. Rxe8# 1-0


[Site "https://www.chess.com"]

[Event "Titled Tuesday Blitz May 10 Early 2022"]
[White "Legenia, Artem"]
[Black "Omelja, Artem"]
[WhiteFideId "14136945"]
[BlackFideId "14119846"]
[WhiteElo "1936"]
[BlackElo "2382"]
[Result "1-0"]
[Round "03"]
[TimeControl "180+1"]
[Date "2022.05.11"]
[WhiteClock "0:01:38"]
[BlackClock "0:00:03"]

1. d4 d5 2. Nf3 Nf6 3. Bf4 c5 4. c3 Nc6 5. e3 Qb6 6. Qb3 c4 7. Qc2 Bf5 8. Qc1 Nh5 9. Bg3 f6 10. Be2 Nxg3 11. hxg3 e5 12. O-O O-O-O 13. Nbd2 h5 14. b3 cxb3 15. axb3 e4 16. Ne1 Qc7 17. c4 h4 18. g4 h3 19. g3 Be6 20. cxd5 Bxd5 21. Kh2 Bd6 22. Bc4 Bxc4 23. Qxc4 Kb8 24. Nxe4 Be7 25. Nc5 Bxc5 26. Qxc5 Qd7 27. Qf5 Qf7 28. Nd3 g6 29. Qf4+ Ka8 30. Qf3 Qxb3 31. Nc5 Qd5 32. Qxd5 Rxd5 33. Rfb1 Rb8 34. Ne6 Rd6 35. Nc7# 1-0


[Site "https://www.chess.com"]

[Event "Titled Tuesday Blitz May 10 Early 2022"]
[White "Leiva, Gianmarco"]
[Black "Rahman, Adel"]
[WhiteFideId "3804399"]
[BlackFideId "14204177"]
[WhiteElo "2323"]
[BlackElo "2175"]
[Result "1-0"]
[Round "03"]
[TimeControl "180+1"]
[Date "2022.05.11"]
[WhiteClock "0:00:06"]
[BlackClock "0:01:16"]

1. Nf3 Nf6 2. g3 g6 3. Bg2 Bg7 4. O-O O-O 5. d4 d6 6. c4 c5 7. d5 e6 8. Nc3 Re8 9. dxe6 Bxe6 10. Ng5 Bc8 11. Bf4 h6 12. Nge4 Nxe4 13. Nxe4 Nc6 14. Nxd6 Re6 15. Nxc8 Qxc8 16. Bh3 f5 17. Bg2 g5 18. Be3 Kh8 19. Bxc5 Bxb2 20. Rb1 Bg7 21. e4 f4 22. Bh3 Ne5 23. Bxe6 Qxe6 24. Qh5 f3 25. Rbd1 Qg6 26. Qxg6 Nxg6 27. Bd4 Ne5 28. Bxe5 Bxe5 29. Rd5 Re8 30. h3 Bc7 31. Rf5 Rxe4 32. Rc1 g4 33. hxg4 Re2 34. Rxf3 Rxa2 35. Rf7 Bb6 36. c5 Ba5 37. Rxb7 Bd2 38. Rd1 a5 39. c6 Rc2 40. c7 a4 41. Rxd2 Rxd2 42. c8=Q+ Rd8 43. Qxd8# 1-0


[Site "https://www.chess.com"]

[Event "Titled Tuesday Blitz May 10 Early 2022"]
[White "Levitskiy, Andrey"]
[Black "Polster, Christian"]
[WhiteFideId "14132885"]
[BlackFideId "12965081"]
[WhiteElo "2301"]
[BlackElo "2298"]
[Result "1-0"]
[Round "03"]
[TimeControl "180+1"]
[Date "2022.05.11"]
[WhiteClock "0:00:09"]
[BlackClock "0:00:06"]

1. e4 c5 2. Nf3 d6 3. d4 cxd4 4. Nxd4 Nf6 5. Nc3 a6 6. h3 e5 7. Nde2 b5 8. g4 Bb7 9. Bg2 Be7 10. Ng3 b4 11. Nd5 Nxd5 12. exd5 Nd7 13. Nf5 O-O 14. Be3 a5 15. h4 Ba6 16. Qd2 Rc8 17. h5 Nc5 18. g5 Rc7 19. Ng3 Qb8 20. Ne4 Na4 21. g6 f5 22. h6 fxe4 23. hxg7 Kxg7 24. Rxh7+ Kxg6 25. Bxe4+ Rf5 26. Rh6+ Kg7 27. Bxf5 Nxb2 28. Bg5 Nc4 29. Rh7+ Kg8 30. Qc1 Bxg5 31. Qxg5+ Kf8 32. Rh8+ Kf7 33. Be6# 1-0


[Site "https://www.chess.com"]

[Event "Titled Tuesday Blitz May 10 Early 2022"]
[White "Ljukin, Sergei"]
[Black "Clawitter, Craig"]
[WhiteFideId "14102200"]
[BlackFideId "2023105"]
[WhiteElo "2312"]
[BlackElo "2288"]
[Result "0-1"]
[Round "03"]
[TimeControl "180+1"]
[Date "2022.05.11"]
[WhiteClock "0:00:36"]
[BlackClock "0:00:08"]

1. e4 e6 2. d4 d5 3. Nc3 Bb4 4. e5 c5 5. a3 Bxc3+ 6. bxc3 Ne7 7. h4 Nbc6 8. h5 Qa5 9. h6 gxh6 10. Bd2 Bd7 11. Nf3 O-O-O 12. dxc5 Qxc5 13. Rb1 Ng6 14. Rh5 Be8 15. Rb5 Qxa3 16. Qb1 Rd7 17. Bd3 Rc7 18. Rb3 Qe7 19. Bxh6 f5 20. Bg5 Qf7 21. Bf6 Ngxe5 22. Bxe5 Nxe5 23. Rh4 Nxf3+ 24. gxf3 Rg8 25. Ke2 e5 26. Rhb4 e4 27. Bb5 Qh5 28. c4 dxc4 29. Bxe8 exf3+ 30. Kd2 Rxe8 31. Rc3 Re2+ 32. Kc1 Re1+ 33. Kb2 Rxb1+ 34. Kxb1 Qh2 35. Rxf3 Qh1+ 0-1


[Site "https://www.chess.com"]

[Event "Titled Tuesday Blitz May 10 Early 2022"]
[White "Maghsoodloo, Parham"]
[Black "Migot, Tangi"]
[WhiteFideId "12539929"]
[BlackFideId "662445"]
[WhiteElo "2630"]
[BlackElo "2513"]
[Result "1-0"]
[Round "03"]
[TimeControl "180+1"]
[Date "2022.05.11"]
[WhiteClock "0:00:18"]
[BlackClock "0:00:16"]

1. d4 Nf6 2. c4 g6 3. Nf3 Bg7 4. g3 d5 5. Bg2 dxc4 6. O-O O-O 7. Na3 c3 8. bxc3 c5 9. Bb2 Nc6 10. e3 Bf5 11. h3 Qb6 12. Qe2 Na5 13. Ne5 Be4 14. Bxe4 Nxe4 15. Nd7 Qe6 16. Nxf8 Qxh3 17. Rad1 Rxf8 18. Qf3 Ng5 19. Qg2 Qe6 20. d5 Qb6 21. Bc1 f5 22. d6 exd6 23. Qd5+ Nf7 24. c4 Nc6 25. Nb5 Rd8 26. e4 a6 27. Bg5 axb5 28. Bxd8 Qxd8 29. cxb5 Nd4 30. Qxb7 f4 31. b6 Qg5 32. Qc8+ Bf8 33. Rxd4 cxd4 34. b7 fxg3 35. b8=Q gxf2+ 36. Kxf2 Qe3+ 37. Kg2 Qxe4+ 38. Rf3 Qe2+ 39. Rf2 Qe4+ 40. Kg3 Qe3+ 41. Kg2 Qe4+ 42. Kf1 Qh1+ 43. Ke2 d3+ 44. Kd2 Qh6+ 45. Kxd3 Ne5+ 46. Kc2 Nd7 47. Qxd7 1-0


[Site "https://www.chess.com"]

[Event "Titled Tuesday Blitz May 10 Early 2022"]
[White "Maksimovic, Bojan"]
[Black "Kovalenko, Igor"]
[WhiteFideId "14408120"]
[BlackFideId "14117908"]
[WhiteElo "2448"]
[BlackElo "2560"]
[Result "0-1"]
[Round "03"]
[TimeControl "180+1"]
[Date "2022.05.10"]
[WhiteClock "0:00:05"]
[BlackClock "0:00:18"]

1. d4 Nf6 2. c4 e6 3. Nf3 b6 4. Nc3 Bb7 5. a3 d5 6. e3 Bd6 7. Nb5 Be7 8. Bd2 a6 9. Nc3 O-O 10. Rc1 Nbd7 11. b4 c5 12. dxc5 bxc5 13. cxd5 exd5 14. bxc5 Bxc5 15. Be2 Bxa3 16. Rb1 Rb8 17. O-O a5 18. Nb5 Be7 19. Qa4 Ra8 20. Rfc1 Nc5 21. Qa2 Nfe4 22. Be1 a4 23. Nfd4 Qd7 24. f3 Nf6 25. Bg3 Rfc8 26. Nc3 Ba6 27. Ncb5 Bf8 28. Be5 Qe7 29. Bxf6 Qxe3+ 30. Kf1 gxf6 31. Nf5 Qe5 32. Nbd4 Bxe2+ 33. Qxe2 a3 34. Re1 Qxe2+ 35. Rxe2 Ra4 36. Ra1 Rb8 37. Rea2 Ne6 38. Nc2 Rba8 39. Nfe3 d4 40. Nd5 d3 41. Ne1 Rd4 42. Nxf6+ Kg7 43. Ne4 Bb4 44. Nf2 d2 45. Nc2 Bc3 46. Rxa3 Bxa1 47. Rxa8 Rc4 48. Nxa1 Nf4 49. g3 Rc1+ 50. Nd1 Rxd1+ 51. Kf2 Rf1+ 52. Kxf1 d1=Q+ 0-1


[Site "https://www.chess.com"]

[Event "Titled Tuesday Blitz May 10 Early 2022"]
[White "Matinian, Nikita"]
[Black "Oparin, Grigoriy"]
[WhiteFideId "24129100"]
[BlackFideId "24125890"]
[WhiteElo "2422"]
[BlackElo "2665"]
[Result "1-0"]
[Round "03"]
[TimeControl "180+1"]
[Date "2022.05.10"]
[WhiteClock "0:00:17"]
[BlackClock "0:00:03"]

1. e4 c5 2. Nc3 d6 3. f4 g6 4. Nf3 Bg7 5. Bb5+ Bd7 6. Bc4 Nc6 7. d3 Na5 8. Qe2 e6 9. Bd2 Ne7 10. h4 h5 11. O-O-O Rb8 12. Bb5 Nac6 13. e5 d5 14. Qf2 Qb6 15. b3 Nf5 16. Kb1 a6 17. Ba4 Qc7 18. Bxc6 Qxc6 19. Na4 Bf8 20. c4 b5 21. cxd5 exd5 22. Nb2 d4 23. Rc1 Qd5 24. Ng5 Be6 25. Ne4 Be7 26. Ba5 Rb7 27. Nf6+ Bxf6 28. exf6 O-O 29. Rhe1 Ne3 30. g3 Bf5 31. Bd2 Ng4 32. Qe2 c4 33. Bb4 cxd3 34. Nxd3 Rfb8 35. Rc5 Qd7 36. Kb2 Bxd3 37. Qxd3 Ne3 38. Rg5 Qe8 39. Be7 Rxe7 40. fxe7 Qxe7 41. Qxd4 Nc4+ 42. Qxc4 Qxe1 43. Rxg6+ Kh7 44. Qxf7+ Kh8 45. Qg7# 1-0


[Site "https://www.chess.com"]

[Event "Titled Tuesday Blitz May 10 Early 2022"]
[White "Maximov, Dmitry"]
[Black "Fedoseev, Vladimir"]
[WhiteFideId "14105659"]
[BlackFideId "24130737"]
[WhiteElo "2494"]
[BlackElo "2726"]
[Result "1-0"]
[Round "03"]
[TimeControl "180+1"]
[Date "2022.05.10"]
[WhiteClock "0:00:32"]
[BlackClock "0:00:02"]

1. e4 c5 2. Nf3 d6 3. c3 Nf6 4. Bc4 Nxe4 5. Qa4+ Nc6 6. Bxf7+ Kxf7 7. Qxe4 e5 8. d4 d5 9. Nxe5+ Nxe5 10. Qf4+ Qf6 11. dxe5 Qxf4 12. Bxf4 Bf5 13. O-O Be7 14. Nd2 Ke6 15. Rfe1 a5 16. h3 Rhf8 17. Bg3 b5 18. a3 g5 19. Nf1 h5 20. Rad1 Bc2 21. Rd2 Bb3 22. f3 b4 23. axb4 axb4 24. cxb4 c4 25. Rde2 Bxb4 26. Rc1 Ra2 27. Be1 Bc5+ 28. Bf2 d4 29. Nd2 Rxb2 30. Nxb3 Rxe2 31. Nxc5+ Kxe5 32. Rxc4 Kd5 33. Rxd4+ Kxc5 34. Rd8+ Rxf2 35. Rxf8 Rd2 36. Rf5+ Rd5 37. Rxd5+ Kxd5 38. h4 gxh4 39. Kh2 Ke5 40. Kh3 Kf5 41. Kxh4 Kg6 42. g3 Kh6 43. Kh3 Kg5 44. Kg2 Kf5 45. Kf2 Kg5 46. Ke3 Kf5 47. Kd4 Kf6 48. Ke4 Ke6 49. f4 Kf6 50. f5 Kg5 51. Ke5 Kg4 52. f6 Kxg3 53. f7 h4 54. f8=Q h3 55. Qf1 Kh2 56. Ke4 Kg3 57. Qg1+ Kh4 58. Kf4 Kh5 59. Qg5# 1-0


[Site "https://www.chess.com"]

[Event "Titled Tuesday Blitz May 10 Early 2022"]
[White "Melian, Juan Sebastian"]
[Black "Terry, Renato"]
[WhiteFideId "3706575"]
[BlackFideId "3803457"]
[WhiteElo "1851"]
[BlackElo "2577"]
[Result "0-1"]
[Round "03"]
[TimeControl "180+1"]
[Date "2022.05.11"]
[WhiteClock "0:00:03"]
[BlackClock "0:00:12"]

1. d4 d5 2. c4 c6 3. e3 Nf6 4. Nf3 a6 5. Bd3 b5 6. cxd5 cxd5 7. Nbd2 Bb7 8. Qe2 e6 9. O-O Nbd7 10. b3 Bd6 11. Bb2 Qb8 12. Rac1 O-O 13. Rc2 Ne4 14. Rfc1 f5 15. Nf1 Ra7 16. Bc3 Nxc3 17. Rxc3 Ra8 18. R3c2 Ba3 19. Rd1 Qd6 20. Ng3 Rac8 21. Rdd2 Rce8 22. Nh5 g6 23. Nf4 Re7 24. h4 Qb8 25. g3 Bd6 26. Ng5 e5 27. dxe5 Nxe5 28. Nge6 d4 29. Nxd4 Ba8 30. Qd1 Qb7 31. Kh2 Ng4+ 32. Kh3 Nxe3 33. fxe3 Rxe3 34. Nc6 Bxf4 35. Rg2 Qf7 36. Kh2 Bc7 37. Be2 f4 38. Bf3 fxg3+ 39. Rxg3 Bxg3+ 0-1


[Site "https://www.chess.com"]

[Event "Titled Tuesday Blitz May 10 Early 2022"]
[White "Melikhov, Evgeny V."]
[Black "Nguyen, Hong Anh"]
[WhiteFideId "4122046"]
[BlackFideId "12406732"]
[WhiteElo "1931"]
[BlackElo "2016"]
[Result "1/2-1/2"]
[Round "03"]
[TimeControl "180+1"]
[Date "2022.05.11"]
[WhiteClock "0:00:11"]
[BlackClock "0:00:33"]

1. d4 Nf6 2. c4 g6 3. Nc3 d5 4. Nf3 Bg7 5. e3 O-O 6. Be2 c5 7. O-O cxd4 8. exd4 Nc6 9. Re1 Bg4 10. cxd5 Nxd5 11. h3 Bf5 12. Bg5 Rc8 13. Qd2 Re8 14. Rad1 Ncb4 15. Bh6 a6 16. Bxg7 Kxg7 17. Ne5 b5 18. Ng4 Bxg4 19. hxg4 Nxc3 20. bxc3 Nd5 21. Bf3 Nxc3 22. Rc1 Na4 23. Bc6 Rf8 24. d5 Qd6 25. Qd4+ Qf6 26. Qxf6+ Kxf6 27. Bb7 Rxc1 28. Rxc1 a5 29. Rc6+ Ke5 30. Ra6 Rb8 31. Bc6 Nc3 32. Rxa5 b4 33. g3 Kd6 34. Ra7 Nxd5 35. Bxd5 Kxd5 36. Rxe7 Rf8 37. Rc7 h6 38. Kg2 f5 39. gxf5 Rxf5 40. f4 Kd4 41. Kf3 Ra5 42. Rc6 Rxa2 43. Rxg6 Ra5 44. Rxh6 Rb5 45. Rh1 b3 46. Rb1 Kc3 47. Ke4 Kc2 48. Rg1 b2 49. f5 Rb4+ 50. Ke5 Rb5+ 51. Ke6 Rb3 52. Rg2+ Kd3 53. Rxb2 Rxb2 54. f6 Ke4 55. f7 Rb6+ 56. Ke7 Rb7+ 57. Ke8 Rb8+ 58. Ke7 Kf3 59. f8=Q+ Rxf8 60. Kxf8 Kxg3 1/2-1/2


[Site "https://www.chess.com"]